 Dungeon Crawl Stone Soup version 0.30.0-5-g1a98f26d00 (webtiles) character file.

Game seed: 14574137635057133296

60 cheesebisquit the Conjurer (level 3, 0/29 HPs)
             Began as a Draconian Conjurer on May 9, 2023.
             Slain by a gnoll
             ... wielding a +0 club
              (3 damage)
             ... on level 2 of the Dungeon.
             The game lasted 00:03:29 (1662 turns).

cheesebisquit the Conjurer (Draconian Conjurer)     Turns: 1662, Time: 00:03:29

Health: 0/29       AC:  5    Str:  9    XL:     3   Next: 82%
Magic:  5/6        EV: 12    Int: 20    God:
Gold:   129        SH:  0    Dex:  9    Spells: 6/7 levels left

rFire   . . .        b - +2 mace (holy)
rCold   . . .        (no shield)
rNeg    . . .        (body armour unavailable)
rPois   .            (helmet restricted)
rElec   .            (no cloak)
rCorr   .            (no gloves)
SInv    .            (no boots)
Will    .....        (no amulet)
Stlth   ++           (no ring)
HPRegen 0.24/turn    (no ring)
MPRegen 0.10/turn

%: no passive effects
@: no status effects
A: AC +5, unfitting armour, cold-blooded
a: no special abilities


You were on level 2 of the Dungeon.
You visited 1 branch of the dungeon, and saw 2 of its levels.

You collected 129 gold pieces.

Inventory:

Hand Weapons
 b - a +2 mace of holy wrath (weapon)
Missiles
 d - 4 boomerangs
 h - 5 poisoned darts
Scrolls
 c - 2 scrolls of teleportation {unknown}
 e - 3 scrolls of identify {unknown}
Potions
 f - a potion of haste {unknown}
 g - a potion of curing {unknown}


   Skills:
 + Level 1.6 Fighting
 + Level 2.4 Dodging
 + Level 2.5 Stealth
 + Level 2.5 Spellcasting
 - Level 4.0 Conjurations


You had 6 spell levels left.
You knew the following spells:

 Your Spells              Type           Power      Damage    Failure   Level
a - Magic Dart            Conj           72%        1d6       3%          1

Your spell library contained the following spells:

 Spells                   Type           Power      Damage    Failure   Level
 Searing Ray              Conj           36%        2d5       4%          2
 Dazzling Flash           Conj/Hex       20%        N/A       21%         3
 Fulminant Prism          Conj/Hex       5%         3d7       54%         4
 Iskenderun's Mystic Bla  Conj/Tloc      10%        2d4       54%         4


Dungeon Overview and Level Annotations

Branches:
Dungeon (2/15)

Altars:


Innate Abilities, Weirdness & Mutations

Your plain brown scales are hard. (AC +5)
You cannot fit into any form of body armour.
You are cold-blooded and may be slowed by cold attacks.


Message History

You are out of magic!
You are out of magic!
You barely miss the gnoll.
The gnoll is heavily wounded.
The gnoll hits you but does no damage.
You barely miss the gnoll.
The gnoll is heavily wounded.
The gnoll hits you with a +0 flail! The gnoll closely misses you.
The magic dart hits the gnoll.
The gnoll is almost dead.
The gnoll barely misses you.
You completely miss the gnoll.
The gnoll is almost dead.
The gnoll hits you with a +0 flail.
You barely miss the gnoll.
The gnoll is almost dead.
A gnoll comes into view. It is wielding a +0 club.
The gnoll closely misses you. The gnoll barely misses you.
You closely miss the gnoll.
Your tail-slap misses the gnoll.
The gnoll is almost dead.
The gnoll barely misses you.
You hit the gnoll.
The gnoll is almost dead.
The gnoll closely misses you.
You barely miss the gnoll.
The gnoll is almost dead.
The gnoll hits you with a +0 flail.
An adder comes into view.
The gnoll hits you with a +0 flail!
* * * LOW HITPOINT WARNING * * *
Magic courses through your body. The gnoll hits you with a +0 flail.
* * * LOW HITPOINT WARNING * * *
Aiming: Magic Dart (safe; 3% risk of failure)
Press: ? - help, Q - select action, (/) - cycle Shift-Dir - straight line, f/p - gnoll
Aim: a gnoll, wielding a +0 flail (almost dead, 100% to hit)
The magic dart hits the gnoll.
You kill the gnoll!
The adder hisses angrily.
The gnoll hits you with a +0 club.
You die...

...#...................
...#.................#
............##......)##.
.......[.#............S
......## #...........##
......####..#.......>#
.....................#
.......##...###..g...###
................@)..)...
......#####........#.)#.
..#................##..
.###########...........
..# #.......### ..#
#.......# ..# #.......#
..# #.......# ..#


You could see a gnoll and an adder.

Vanquished Creatures
  2 gnolls (D:2)
  An adder (D:2)
  2 dart slugs (D:2)
  3 endoplasms (D:1)
  2 giant cockroaches (D:2)
  5 goblins
  3 hobgoblins
  4 jackals (D:2)
  5 kobolds
  3 quokkas
  A bat (D:2)
  3 frilled lizards
  2 rats
36 creatures vanquished.

Notes
Turn   | Place    | Note
-------+----------+-------------------------------------------
     0 | D:1      | cheesebisquit the Draconian Conjurer began the quest for
                  | the Orb.
     0 | D:1      | Reached XP level 1. HP: 14/14 MP: 3/3
   279 | D:1      | Reached XP level 2. HP: 22/22 MP: 1/5
   454 | D:1      | Reached skill level 1 in Fighting
  1193 | D:2      | Reached XP level 3. HP: 28/28 MP: 1/6
  1262 | D:2      | Identified the +0 leather armour of Marbles {rCorr MP+9
                  | Int+2 Dex-2}
  1662 | D:2      | Slain by a gnoll

Illustrated notes

Levels and vault maps discovered:
D:1:      heliophobic_arrival_ceremonial_halls, layout_loops_ring
D:2:      layout_rooms

Skill      XL: |  1  2 |
---------------+-------+-----
Dodging        | 2 |  2.4
Stealth        | 2 |  2.5
Fighting       | 1 |  1.6
Spellcasting   | |  2.5
Conjurations   | |  4.0

Action                     || total
---------------------------++-------
  Melee: Whip              ||     2
         Unarmed           ||     1
         Mace              ||    23
         Tailslap          ||     1
   Cast: Magic Dart        ||    73
    Use: Potion            ||     1
 Armour: Skin              ||    14
  Dodge: Dodged            ||    28
